 Dungeon Crawl Stone Soup version 0.29.0-4-gdea44cf6ec (webtiles) character file.

Game seed: 4153964984600483275

223 qw the Chopper (level 6, -3/55 HPs)
             Began as a Gargoyle Berserker on Sept 4, 2022.
             Was a Believer of Trog.
             Engulfed by a cloud of steam (7 damage)
             ... on level 3 of the Dungeon.
             The game lasted 00:00:54 (2549 turns).

qw the Chopper (Gargoyle Berserker)                 Turns: 2549, Time: 00:00:55

Health: -3/55      AC: 14    Str: 23    XL:     6   Next: 0%
Magic:  6/6        EV: 10    Int:  7    God:    Trog [**....]
Gold:   210        SH:  0    Dex: 15    Spells: 5/5 levels left

rFire   . . .      SeeInvis .   Y - +1 hand axe
rCold   + . .      Faith    .   (no shield)
rNeg    + . .      Spirit   .   h - +1 scale mail {rC+}
rPois   inf        Reflect  .   (no helmet)
rElec   +          Harm     .   (no cloak)
rCorr   .          Rampage  .   i - +1 pair of gloves
Will    .....                   (no boots)
Stlth   ..........              (no amulet)
HPRegen 0.18/turn               g - +6 ring of dexterity
MPRegen 0.10/turn               (no ring)

@: berserking (expiring), very quick
A: sickness immunity, AC +4, negative energy resistance 1, electricity
resistance, torment resistance 1, petrification resistance
a: Renounce Religion, Berserk, Trog's Hand


You were on level 3 of the Dungeon.
You worshipped Trog.
Trog was pleased with you.
You visited 1 branch of the dungeon, and saw 3 of its levels.

You collected 210 gold pieces.


Innate Abilities, Weirdness & Mutations

You are immune to sickness and miasma.
Your stone body is resilient. (AC +4)
You are immune to poison.
You resist negative energy. (rN+)
You are resistant to electric shocks. (rElec)
You are resistant to unholy torment.
You are immune to petrification.


   Skills:
 + Level 3.2 Fighting
 - Level 5.9 Axes
 - Level 2.1 Armour
 - Level 1.5 Dodging


You had 5 spell levels left.
You didn't know any spells.
Your spell library was empty.

Inventory:

Hand Weapons
 f - a +0 mace
 Y - a +1 hand axe (weapon)
Armour
 h - a +1 scale mail of cold resistance (worn)
 i - a +1 pair of gloves (worn)
Jewellery
 g - a +6 ring of dexterity (left hand)
Scrolls
 m - a scroll of identify
Potions
 b - a potion of flight {unknown}
 d - a potion of might
 e - a potion of mutation {unknown}
 j - a potion of brilliance {unknown}

Dungeon Overview and Level Annotations

Branches:
Dungeon (3/15)

Altars:


Message History

The ball of steam hits you!
The steam dragon moves out of view.
Enter note:
2538 ||| Stepping ~*~*~tactically~*~*~ (cloud).
You start resting.
A steam dragon is nearby!
2540 ||| INVOKING Berserk.
A red film seems to cover your vision as you go berserk!
You feel yourself moving faster!
You feel mighty!
You hit the steam dragon.
The steam dragon is lightly wounded.
You closely miss the steam dragon.
The steam dragon is lightly wounded.
The steam dragon bites you.
The steam dragon claws you but does no damage.
You slash the steam dragon!
The steam dragon is moderately wounded.
The steam dragon bites you but does no damage.
The steam dragon claws you but does no damage.
You hit the steam dragon but do no damage.
The steam dragon is moderately wounded.
You hit the steam dragon.
The steam dragon is heavily wounded.
The steam dragon breathes steam at you. The ball of steam hits you!
You slash the steam dragon!
The steam dragon is almost dead.
You are engulfed in a cloud of scalding steam.
The steam dragon bites you. The steam dragon barely misses you.
You slash the steam dragon!
You kill the steam dragon!
Trog accepts your kill.
You are engulfed in a cloud of scalding steam.
Your Axes skill increases to level 5!
You have reached level 5!
You have reached level 6!
You start resting.
You're standing in a cloud of steam!
You're standing in a cloud of steam!
You feel a strong urge to attack something.
You are engulfed in a cloud of scalding steam.
You die...

##### #+# #...#
#.## #<#.###..#
###......#
#........#######
#.#####.........
#.######.#######
#.#.¤¤.......#
#.##@#######.#
#.##%#
#.#...¤..#
#.#..##D.#
#.#... .# #.## #
#. #. #.


There were no monsters in sight!

Vanquished Creatures
  A steam dragon (D:3)
  3 gnolls (D:2)
  A worm (D:2)
  2 dart slugs
  4 endoplasms (D:2)
  5 giant cockroaches
  4 goblins
  7 hobgoblins
  4 jackals
  3 quokkas
  3 ball pythons
  5 bats
  3 frilled lizards
  7 kobolds
  4 rats (D:2)
56 creatures vanquished.

Vanquished Creatures (others)
  A plant (D:2)
1 creature vanquished.

Grand Total: 57 creatures vanquished

Notes
Turn   | Place    | Note
-------+----------+-------------------------------------------
     0 | D:1      | qw the Gargoyle Berserker began the quest for the Orb.
     0 | D:1      | Reached XP level 1. HP: 14/14 MP: 1/1
     0 | D:1      | 0 ||| qw: Version: 0.1-a-103-gd6f5d3a
     0 | D:1      | 0 ||| qw: Game counter: 5491
     0 | D:1      | 0 ||| qw: Always use a shield: true
     0 | D:1      | 0 ||| qw: Do Orc after D:15 true
     0 | D:1      | 0 ||| qw: Do second Lair branch before Depths: true
     0 | D:1      | 0 ||| qw: Lair rune preference: random
     0 | D:1      | 0 ||| qw: Plans: Normal
     0 | D:1      | 0 ||| PLANNING D:1-11
    37 | D:1      | 37 ||| INVOKING Berserk.
    37 | D:1      | HP: 4/21 [kobold/+0 short sword (2)]
   423 | D:1      | Reached skill level 3 in Axes
   552 | D:1      | Reached XP level 2. HP: 17/19 MP: 2/2
   573 | D:1      | 573 ||| DROPPING +0 club.
   911 | D:1      | 911 ||| Stepping ~*~*~tactically~*~*~ (stealth).
  1159 | D:1      | Reached XP level 3. HP: 16/23 MP: 3/3
  1431 | D:1      | 1431 ||| UPGRADING to +1 scale mail of cold resistance.
  1441 | D:1      | 1441 ||| DROPPING +0 animal skin.
  1442 | D:1      | 1442 ||| UPGRADING to +1 pair of gloves.
  1447 | D:1      | 1447 ||| UPGRADING to +6 ring of dexterity.
  1448 | D:1      | 1448 ||| READING scroll labelled KYDWUT JEKIUSU.
  1449 | D:1      | 1449 ||| DRINKING 2 metallic dark potions.
  1660 | D:2      | 1660 ||| Stepping ~*~*~tactically~*~*~ (stealth).
  1662 | D:2      | 1662 ||| Stepping ~*~*~tactically~*~*~ (stealth).
  1732 | D:2      | Reached skill level 4 in Axes
  1752 | D:2      | Reached ** piety under Trog
  1794 | D:2      | 1794 ||| Stepping ~*~*~tactically~*~*~ (stealth).
  1810 | D:2      | 1810 ||| Stepping ~*~*~tactically~*~*~ (stealth).
  1826 | D:2      | 1826 ||| Stepping ~*~*~tactically~*~*~ (stealth).
  1827 | D:2      | 1827 ||| Stepping ~*~*~tactically~*~*~ (stealth).
  1842 | D:2      | 1842 ||| Stepping ~*~*~tactically~*~*~ (hiding).
  1845 | D:2      | 1845 ||| INVOKING Berserk.
  1853 | D:2      | Reached XP level 4. HP: 28/28 MP: 4/4
  1855 | D:2      | 1855 ||| Stepping ~*~*~tactically~*~*~ (stealth).
  1856 | D:2      | 1856 ||| Stepping ~*~*~tactically~*~*~ (stealth).
  1857 | D:2      | 1857 ||| Stepping ~*~*~tactically~*~*~ (stealth).
  1965 | D:2      | 1965 ||| INVOKING Berserk.
  2117 | D:2      | 2117 ||| Stepping ~*~*~tactically~*~*~ (stealth).
  2226 | D:2      | Found a faded altar of an unknown god.
  2493 | D:2      | 2493 ||| READING 2 scrolls labelled QIVAER LALEINAIT.
  2494 | D:2      | 2494 ||| READING scroll labelled NEEG YMODUHIGE.
  2495 | D:2      | 2495 ||| READING scroll labelled LEJAOT EBIMAXU.
  2496 | D:2      | 2496 ||| READING scroll labelled MYISABBUBY.
  2497 | D:2      | 2497 ||| READING 2 scrolls labelled AMYCAFAMOTZ.
  2498 | D:2      | 2498 ||| DROPPING scroll of fear.
  2537 | D:3      | Noticed a steam dragon
  2538 | D:3      | 2538 ||| Stepping ~*~*~tactically~*~*~ (cloud).
  2540 | D:3      | 2540 ||| INVOKING Berserk.
  2546 | D:3      | HP: 9/42 [steam dragon (5)]
  2547 | D:3      | Killed a steam dragon
  2547 | D:3      | HP: 3/42 [something (6)]
  2548 | D:3      | Reached skill level 5 in Axes
  2548 | D:3      | Reached XP level 5. HP: 3/32 MP: 5/5
  2548 | D:3      | Reached XP level 6. HP: 4/37 MP: 6/6
  2549 | D:3      | Engulfed by a cloud of steam

Levels and vault maps discovered:
D:1:      minmay_arrival_open_corners, layout_basic, minmay_misc_feat_diagonals,
          minmay_misc_feat_tiny, hangedman_decor_growths
D:2:      minmay_chambers_of_twos, layout_basic, basic_ecumenical_altar,
          serial_bayou_crossing
D:3:      layout_basic, lemuel_round_altar, lemuel_crystal_altar, minivault_23,
          minmay_misc_feat_four_crosses, uniq_terence

Skill      XL: |  1  2  3  4 |
---------------+-------------+-----
Axes           | 3 4 5 |  5.9
Fighting       | |  3.2
Armour         | |  2.1
Dodging        | |  1.5

Action                   |  1- 3 |  4- 6 || total
-------------------------+-------+-------++-------
Melee: Hand axe          |   116 |    52 ||   168
       Punch             |     3 |       ||     3
Invok: Berserk           |     2 |     2 ||     4
  Use: Scroll            |     1 |     5 ||     6
       Potion            |     1 |       ||     1
Armor: Animal skin       |    34 |       ||    34
       Scale mail        |    11 |    20 ||    31
Dodge: Dodged            |    51 |    26 ||    77

Table legend:
 A = Non-vault XP
 B = Vault XP
 C = Vault XP percentage of total XP
 D = Non-vault monster count
 E = Vault monster count
 F = Vault count percentage of total count
                 A         B        C        D         E       F
            +---------+---------+-------+---------+---------+-------
      Total |     302 |      17 |   5.3 |      48 |       8 |  14.3
            +---------+---------+-------+---------+---------+-------
        D:1 |      34 |       0 |   0.0 |      19 |       0 |   0.0
        D:2 |      85 |      17 |  16.7 |      28 |       8 |  22.2
        D:3 |     183 |       0 |   0.0 |       1 |       0 |   0.0
            +---------+---------+-------+---------+---------+-------
